 Dungeon Crawl Stone Soup version 0.29-a0-559-g359e09b9d1 (webtiles) character file.

Game seed: 10547116544646728886

101 xian the Cutter (level 4, -1/34 HPs)
             Began as a Demonspawn Gladiator on June 9, 2022.
             Slain by a black bear (3 damage)
             ... on level 4 of the Dungeon.
             The game lasted 00:06:58 (3702 turns).

xian the Cutter (Demonspawn Gladiator)              Turns: 3702, Time: 00:07:00

Health: -1/34      AC:  5    Str: 17    XL:     4   Next: 48%
Magic:  0/4        EV: 13    Int:  9    God:
Gold:   168        SH:  0    Dex: 16    Spells: 3/3 levels left

rFire   . . .      SeeInvis .   e - +1 spear (vamp)
rCold   + . .      Faith    .   f - orb {light}
rNeg    . . .      Spirit   +   b - +0 leather armour
rPois   .          Reflect  .   u - +0 helmet
rElec   .          Harm     .   (no cloak)
rCorr   .          Rampage  .   (no gloves)
Will    .....                   g - +0 pair of boots
Stlth   +.........              x - amulet of guardian spirit
HPRegen 0.11/turn               q - ring of protection from cold
MPRegen 0.09/turn               (no ring)

@: glowing
A: thin skeletal structure 1, powered by pain 1
a: no special abilities


You were on level 4 of the Dungeon.
You visited 1 branch of the dungeon, and saw 4 of its levels.

You collected 168 gold pieces.

Inventory:

Hand Weapons
 a - a +0 rapier
 e - a +1 vampiric spear (weapon)
Missiles
 d - a throwing net (quivered)
 p - 6 poisoned darts
Armour
 b - a +0 leather armour (worn)
 c - a +0 helmet
 f - an orb of light (worn)
 g - a +0 pair of boots (worn)
 r - an orb of light
 u - a +0 helmet (worn)
Jewellery
 q - a ring of protection from cold (left hand)
 x - an amulet of guardian spirit (around neck)
Scrolls
 i - a scroll of identify {unknown}
 j - 2 scrolls of brand weapon {unknown}
 l - a scroll of noise {unknown}
 o - a scroll of silence {unknown}
 v - a scroll of fog {unknown}
 y - a scroll of teleportation {unknown}
Potions
 h - 4 potions of curing {unknown}
 k - a potion of invisibility {unknown}
 m - a potion of lignification {unknown}
 n - a potion of might {unknown}
 s - 2 potions of flight {unknown}
 t - a potion of ambrosia {unknown}
 w - 3 potions of heal wounds {unknown}


   Skills:
 + Level 2.3 Fighting
 + Level 3.9 Short Blades
 + Level 1.9 Throwing
 + Level 1.1 Armour
 + Level 3.3 Dodging


You had 3 spell levels left.
You didn't know any spells.
Your spell library contained the following spells:

 Spells                   Type           Power      Damage    Failure   Level
 Summon Guardian Golem    Hex/Summ       0%         N/A       82%         3
 Orb of Destruction       Conj           0%         9d5       100%        7
 Spellforged Servitor     Conj/Summ      0%         N/A       100%        7


Dungeon Overview and Level Annotations

Branches:
Dungeon (4/15)
 Temple: D:4-7

Altars:


Innate Abilities, Weirdness & Mutations

You have a somewhat thin skeletal structure. (Dex +2, Stealth+)
You sometimes gain a little power by taking damage.


Message History

The black bear is severely wounded.
The black bear bites you but does no damage.
The black bear completely misses you. The black bear barely misses you.
You hit the black bear.
You feel better.
The black bear is almost dead.
The black bear goes berserk!
You hit the black bear.
You feel better.
The black bear is almost dead.
The black bear bites you! The black bear misses you. The black bear claws you.
The black bear closely misses you. The black bear misses you.
The black bear completely misses you.
You completely miss the black bear.
The black bear is almost dead.
The black bear bites you. The black bear barely misses you.
The black bear closely misses you.
You hit the black bear but do no damage.
The black bear is almost dead.
The black bear barely misses you. x2; The black bear claws you.
The black bear bites you. The black bear closely misses you.
The black bear claws you.
* * * LOW HITPOINT WARNING * * *
You hit the black bear but do no damage.
The black bear is almost dead.
The black bear closely misses you. The black bear claws you.
* * * LOW HITPOINT WARNING * * *
The black bear claws you.
* * * LOW HITPOINT WARNING * * *
The black bear misses you.
The black bear completely misses you. x2
You hit the black bear.
The black bear is almost dead.
The black bear barely misses you. x2; The black bear claws you.
* * * LOW HITPOINT WARNING * * *
You hit the black bear.
You feel better.
The black bear is almost dead.
The black bear bites you.
* * * LOW HITPOINT WARNING * * *
The black bear claws you but does no damage. x2
The black bear misses you. The black bear barely misses you.
The black bear claws you.
You die...

##########
######.....(..#
#<...#........#
#....#...h....#
#....#..@.....#
#....#........#
#....#........#
#....'........#
###..#........#
#####.........
#.........
#.........
+........


You could see a black bear (berserk).

Vanquished Creatures
  3 adders (D:2)
  An ufetubus (D:2)
  A worm (D:3)
  3 dart slugs
  An orc (D:3)
  2 ball pythons (D:1)
  7 endoplasms
  2 giant cockroaches
  8 goblins
  2 hobgoblins
  2 jackals (D:2)
  2 quokkas
  7 bats
  2 frilled lizards
  8 kobolds
  5 rats
56 creatures vanquished.

Notes
Turn   | Place    | Note
-------+----------+-------------------------------------------
     0 | D:1      | xian the Demonspawn Gladiator began the quest for the Orb.
     0 | D:1      | Reached XP level 1. HP: 16/16 MP: 1/1
   312 | D:1      | Gained mutation: You sometimes gain a little power by
                  | taking damage. [demonic ancestry]
   312 | D:1      | Reached XP level 2. HP: 22/22 MP: 2/2
   660 | D:1      | Found a faded altar of an unknown god.
  1061 | D:2      | Reached XP level 3. HP: 27/27 MP: 3/3
  1792 | D:2      | Gained mutation: You have a somewhat thin skeletal
                  | structure. (Dex +2, Stealth+) [demonic ancestry]
  1792 | D:2      | Reached XP level 4. HP: 30/33 MP: 4/4
  2069 | D:2      | Reached skill level 1 in Armour
  3683 | D:4      | Noticed a black bear
  3701 | D:4      | HP: 1/34 [black bear (5)]
  3702 | D:4      | Slain by a black bear

Illustrated notes

Levels and vault maps discovered:
D:1:      heliophobic_arrival_ceremonial_halls, layout_loops_corners,
          shapermc_ecumenical_altar_flowoftime
D:2:      layout_basic, serial_curves, eino_curves_01, eino_curves_04,
          eino_curves_02
D:3:      layout_basic, serial_rivers, chequers_serial_rivers_large_b,
          chequers_serial_rivers_micro_a, chequers_serial_rivers_micro_b,
          chequers_serial_rivers_small_3, chequers_serial_rivers_micro_c,
          chequers_serial_rivers_micro_a, minmay_goblin_kobold_house
D:4:      layout_gridville

Skill      XL: |  1  2  3  4 |
---------------+-------------+-----
Dodging        | 3 |  3.3
Short Blades   | 3 |  3.9
Armour         | 1 |  1.1
Fighting       | |  2.3
Throwing       | |  1.9

Action                   |  1- 3 |  4- 6 || total
-------------------------+-------+-------++-------
Melee: Rapier            |    96 |    47 ||   143
       Spear             |       |    15 ||    15
Throw: Javelin           |     1 |     1 ||     2
       Throwing net      |       |     2 ||     2
 Stab: Held in net/web   |       |     1 ||     1
       Sleeping          |       |     1 ||     1
Armor: Leather armour    |    46 |    14 ||    60
Dodge: Dodged            |    92 |    53 ||   145

Table legend: (Time is in decaauts)
 A = Elapsed time spent in this place.
 B = Non-inter-level travel time spent in this place.
 C = Inter-level travel time spent in this place.
 D = Time resting spent in this place.
 E = Time spent auto-exploring this place.
 F = Levels seen in this place.
 G = Mean time per level.
                   A        B        C        D        E       F      G
               +--------+--------+--------+--------+--------+-----+--------+
         Total |   3742 |   3671 |     71 |      0 |   2949 |   4 |  935.5 |
       Dungeon |   3742 |   3671 |     71 |      0 |   2949 |   4 |  935.5 |
               +--------+--------+--------+--------+--------+-----+--------+

Top non-repeatable levels by time:
     D:2: 1560 daAuts
     D:3: 1147 daAuts
     D:1: 1008 daAuts
     D:4: 25 daAuts
